 Dungeon Crawl Stone Soup version 0.32-a0-290-g598725c5f2 (webtiles) character file.

Game seed: 18322761527212951441

104 timneilson the Ruffian (level 4, 0/29 HPs)
             Began as an Octopode Shapeshifter on Feb 13, 2024.
             Slain by an orc
             ... wielding a +0 dagger
              (2 damage)
             ... on level 2 of the Dungeon.
             The game lasted 00:03:24 (1632 turns).

timneilson the Ruffian (Octopode Shapeshifter)      Turns: 1632, Time: 00:03:25

Health: 0/29       AC:  1    Str: 15    XL:     4   Next: 80%
Magic:  4/4        EV: 13    Int: 12    God:
Gold:   104        SH:  0    Dex: 11    Spells: 3/3 levels left

rFire   . .          .
                       - Unarmed
rCold   . . .        (no shield)
rNeg    . . .        (helmet currently unavailable)
rPois   .            (no amulet)
rElec   .            (no ring)
rCorr   .            (no ring)
SInv    .            (no ring)
Will    .....        (no ring)
Stlth   +++          (no ring)
HPRegen 0.24/turn    (no ring)
MPRegen 0.09/turn    (no ring)
                     (no ring)

%: no passive effects
@: beast-form
A: beast (slay +2), almost no armour, amphibious, 8 rings, camouflage 1,
gelatinous body 1, (nimble swimmer 1), tentacles
a: Begin Untransformation


You were on level 2 of the Dungeon.
You were a hulking beast.
You visited 1 branch of the dungeon, and saw 3 of its levels.

You collected 104 gold pieces.

Inventory:

Jewellery
 f - an amulet of regeneration
Talismans
 b - a beast talisman (active)
 c - a flux talisman
Wands
 g - a wand of flame (10)
Potions
 a - 2 potions of lignification
 d - 3 potions of mutation {unknown}
 e - 2 potions of enlightenment {unknown}
 h - a potion of haste {unknown}
 i - 2 potions of heal wounds {unknown}


   Skills:
 * Level 2.0 Fighting
 * Level 2.8 Dodging
 + Level 1.9 Stealth
 * Level 3.6 Unarmed Combat
 * Level 3.5 Shapeshifting


You had 3 spell levels left.
You didn't know any spells.
Your spell library contained the following spells:

 Spells                   Type           Power      Damage    Failure   Level
 Call Canine Familiar     Summ           0%         N/A       69%         3
 Sigil of Binding         Hex            0%         N/A       69%         3
 Dimensional Bullseye     Hex/Tloc       0%         N/A       97%         4


Dungeon Overview and Level Annotations

Branches:
Dungeon (3/15)

Altars:

Annotations:
D:2 1 runed translucent door, Crazy Yiuf


Innate Abilities, Weirdness & Mutations

You are a hulking beast.
Your limbs bulge with bestial killing power. (Slay +2)
You cannot wear most types of armour.
You are amphibious.
You can wear up to eight rings at the same time.
Your skin changes colour to match your surroundings (Stealth+).
Your rubbery body absorbs attacks. (AC +1, EV +1)
((You are camouflaged when in or above water. (Stealth+)))
You have tentacles for arms and can constrict up to eight enemies at once.


Message History

No target in view!
No target in view!
No target in view!
No target in view!
No target in view!
No target in view!
No target in view!
No target in view!
No target in view!
You start resting.
HP restored.
You climb downwards.
The orc hits you with a +0 dagger. The orc hits you with a +0 club.
The endoplasm freezes you.
You are frozen.
The orc barely misses you. The orc misses you. The endoplasm hits you.
There is a stone staircase leading up, spattered with blood here.
The orc hits you with a +0 club. The orc completely misses you.
The endoplasm freezes you.
You are frozen.
You climb upwards.
Level annotation: 1 runed translucent door, Crazy Yiuf
There is a stone staircase leading down here.
You tentacle-slap the endoplasm.
You squeeze the endoplasm, but do no damage.
The endoplasm is moderately wounded.
The orc hits you with a +0 club. The orc barely misses you.
The endoplasm freezes you.
You are frozen.
* * * LOW HITPOINT WARNING * * *
You tentacle-slap the endoplasm.
You kill the endoplasm!
The orc hits you with a +0 club.
* * * LOW HITPOINT WARNING * * *
The orc hits you with a +0 dagger.
* * * LOW HITPOINT WARNING * * *
Unknown command.
You completely miss the orc. You grab the orc. You constrict the orc.
The orc barely misses you. The orc hits you with a +0 dagger.
You die...

#......# ##.......## #..♣♣ #...#
##.########.......## #.#######..
.....## ##..##...## ###....# ##.
.###..# #..#####.## #....### #.
......###.## #..###.#### ##
.......##.# ##.#...# #
#..###.#..# ##...### ####
#........#######)o...##### #...
#.............##h###.....## #...
.....###..###.#.o#######..# #...
..........# #.....### ##.# #...
.........#####..#...# #.# #...
....[.##....##.####.# #.# ####
.....##..##....###..#####.#
........####..............##♣♣♣♣♣
.............#####..###.#.....♣.♣
..........>....###..###........♣.


You could see 2 orcs.

Vanquished Creatures
  An adder (D:2)
  A dart slug (D:1)
  A ribbon worm (D:2)
  3 orcs
  7 bats
  3 endoplasms (D:2)
  3 hobgoblins
  9 jackals (D:1)
  2 kobolds (D:2)
  A quokka (D:1)
  6 ball pythons (D:1)
  3 frilled lizards (D:1)
  7 goblins
47 creatures vanquished.

Notes
Turn   | Place    | Note
-------+----------+-------------------------------------------
     0 | D:1      | timneilson the Octopode Shapeshifter began the quest for
                  | the Orb.
     0 | D:1      | Reached XP level 1. HP: 13/13 MP: 1/1
   107 | D:1      | Reached XP level 2. HP: 14/18 MP: 2/2
   199 | D:1      | Reached skill level 1 in Stealth
   213 | D:1      | Reached XP level 3. HP: 23/23 MP: 3/3
   886 | D:2      | Reached XP level 4. HP: 14/29 MP: 4/4
   961 | D:2      | Found a runed translucent door.
   962 | D:2      | Noticed Crazy Yiuf
  1631 | D:2      | HP: 1/29 [orc/+0 dagger (4)]
  1632 | D:2      | Slain by an orc

Illustrated notes

Levels and vault maps discovered:
D:1:      nzn_arrival_settlement, layout_basic
D:2:      layout_rooms, kennysheep_nub, minmay_misc_feat_columns,
          uniq_crazy_yiuf_cottage
D:3:      minmay_diamond_boxcup, layout_loops_corners, chei_slow_surprise,
          serial_shops, nicolae_shop_gibbet_a_chance,
          nicolae_elevator_lobby_asterisk

Skill      XL: |  1  2  3  4 |
---------------+-------------+-----
Stealth        | 1 |  1.9
Fighting       | 2 |  2.0
Dodging        | |  2.8
Unarmed Combat | |  3.6
Shapeshifting  | |  3.5

Action                     |  1- 3 |  4- 6 || total
---------------------------+-------+-------++-------
  Melee: Unarmed           |    50 |    33 ||    83
         Constrict         |    16 |     8 ||    24
         Tentacles         |    11 |     5 ||    16
         Punch             |     1 |       ||     1
    Use: Scroll            |     4 |       ||     4
   Stab: Sleeping          |     5 |     2 ||     7
 Armour: Skin              |    27 |    20 ||    47
  Dodge: Dodged            |    54 |    22 ||    76

Table legend: (Time is in decaauts)
 A = Elapsed time spent in this place.
 B = Non-inter-level travel time spent in this place.
 C = Inter-level travel time spent in this place.
 D = Time resting spent in this place.
 E = Time spent auto-exploring this place.
 F = Levels seen in this place.
 G = Mean time per level.
                   A        B        C        D        E       F      G
               +--------+--------+--------+--------+--------+-----+--------+
         Total |   1627 |   1593 |     34 |    147 |   1167 |   3 |  542.3 |
       Dungeon |   1627 |   1593 |     34 |    147 |   1167 |   3 |  542.3 |
               +--------+--------+--------+--------+--------+-----+--------+

Top non-repeatable levels by time:
     D:1: 873 daAuts
     D:2: 744 daAuts
     D:3: 10 daAuts
